 Dungeon Crawl Stone Soup version 0.27.0-1-g7a089689b8 (webtiles) character file.

Game seed: 7399632169357419932

3 dtburroughs the Skirmisher (level 1, 0/14 HPs)
             Began as a Gargoyle Berserker on July 31, 2021.
             Was a Follower of Trog.
             Slain by a rat (2 damage)
             ... on level 1 of the Dungeon.
             The game lasted 00:00:19 (90 turns).

dtburroughs the Skirmisher (Gargoyle Berserker)       Turns: 90, Time: 00:00:19

Health: 0/14       AC:  4    Str: 20    XL:     1   Next: 50%
Magic:  1/1        EV: 11    Int:  7    God:    Trog [*.....]
Gold:   0          SH:  0    Dex:  9    Spells: 0/0 levels left

rFire    . . .     SeeInvis .   a - +0 mace
rCold    . . .     Faith    .   (no shield)
rNeg     + . .     Spirit   .   b - +0 animal skin
rPois    ∞         Reflect  .   (no helmet)
rElec    +         Harm     .   (no cloak)
rCorr    .         Rampage  .   (no gloves)
Will     .....                  (no boots)
Stlth    +.........             (no amulet)
HPRegen  0.04/turn              (no ring)
MPRegen  0.07/turn              (no ring)

@: no status effects
A: sickness immunity, AC +2, negative energy resistance 1, electricity
resistance, torment resistance 1, petrification resistance
a: Renounce Religion, Berserk


You were on level 1 of the Dungeon.
You worshipped Trog.
Trog was aware of your devotion.
You visited 1 branch of the dungeon, and saw 1 of its levels.

Inventory:

Hand Weapons
 a - a +0 mace (weapon)
Armour
 b - a +0 animal skin (worn)


   Skills:
 + Level 3.3 Fighting
 + Level 3.0 Maces & Flails
 + Level 2.2 Armour
 + Level 1.6 Dodging


You couldn't memorise any spells.
You didn't know any spells.
Your spell library was empty.

Dungeon Overview and Level Annotations

Branches:
Dungeon (1/15)

Altars:


Innate Abilities, Weirdness & Mutations

You are immune to sickness and miasma.
Your stone body is resilient. (AC +2)
You are immune to poison.
You resist negative energy. (rN+)
You are resistant to electric shocks. (rElec)
You are resistant to unholy torment.
You are immune to petrification.


Message History

The bat hits you. The bat closely misses you. The bat barely misses you.
A kobold comes into view. It is wielding a +0 club.
The bat hits you. The bat hits you but does no damage.
The bat hits you but does no damage. The bat hits you.
The bat hits you but does no damage. The bat barely misses you.
The bat hits you but does no damage. The kobold misses you.
The bat barely misses you.
You closely miss the bat. The bat hits you but does no damage.
The bat closely misses you. The kobold hits you with a +0 club.
The bat barely misses you. The kobold hits you with a +0 club.
The bat hits you but does no damage. The kobold hits you with a +0 club.
You hit the kobold.
You kill the kobold!
Trog accepts your kill. The bat hits you but does no damage.
The bat hits you but does no damage.
You see here a +0 club.
The bat misses you. The bat barely misses you. x2
The bat hits you but does no damage. The bat misses you.
Found an escape hatch in the floor.
A rat comes into view.
The bat hits you. The bat hits you but does no damage.
The bat hits you but does no damage.
You completely miss the bat. The bat closely misses you.
The bat barely misses you.
You closely miss the bat. The bat misses you.
The bat hits you but does no damage.
You hit the bat.
You kill the bat!
Trog accepts your kill. The rat bites you.
* * * LOW HITPOINT WARNING * * *
You barely miss the rat. The rat bites you.
You die...

.. .... .... . . ..#...
... ... .. .#..# ..##...
.. ...##....... .
#...... .......
..#..##.##.#...##
........#.......>
###..##.#r.#####.
#.......)@....... .
#.#..##.#..#####.
.#######.#..........##
.........#..##.#.....#
.....#......##.#..#..##
.##....................
.............#.##...####
.##...##...............
.##...##.........≈≈≈≈≈.


You could see a rat.

Vanquished Creatures
  A giant cockroach (D:1)
  A kobold (D:1)
  A bat (D:1)
3 creatures vanquished.

Notes
Turn   | Place    | Note
-------+----------+-------------------------------------------
     0 | D:1      | dtburroughs the Gargoyle Berserker began the quest for the
                  | Orb.
     0 | D:1      | Reached XP level 1. HP: 14/14 MP: 1/1
    90 | D:1      | Slain by a rat

Illustrated notes

Levels and vault maps discovered:
D:1:      kennysheep_arrival_seaside, layout_basic, serial_shops, shop,
          hellmonk_ecumenical_altar_arch_garden, minivault_14, minmay_hedge_maze

Action                   || total
-------------------------++-------
Melee: Mace              ||    10
Armor: Animal skin       ||    20
Dodge: Dodged            ||    25
